TOP OF THE 1ST |
Arkansas Razorbacks batting - Pitching for Cincinnati Bearcats : RHP Chris Tash
|
Pitching: RHP Chris Tash
|
|
Batting: LHB Josh Bowes
|
0-0: Ball 1-0: Swinging Strike 1-1: Foul Ball, location: 2F 1-2: Foul Ball, location: 2F 1-2: Ball 2-2: Fly out, F9 (Flyball, 9D, EV 85.6 MPH)
|
Batting: LHB Danny bin Basil
|
0-0: Swinging Strike 0-1: Ball 1-1: SINGLE (Groundball, 34D, EV 88.8 MPH) (infield hit)
|
Batting: LHB Chris Ofori
|
0-0: Called Strike 0-1: Called Strike Danny bin Basil steals 2nd base 0-2: Ball 1-2: Ball 2-2: Fly out, F9 (Flyball, 9D, EV 92.5 MPH) Runner from 2nd tags up, SAFE at 3rd, no throw by RF
|
Batting: LHB Joe Mills
|
0-0: Called Strike 0-1: Ball 1-1: Ball 2-1: Called Strike 2-2: Ball 3-2: SINGLE (Groundball, 4MD, EV 100.0 MPH) Danny bin Basil scores
|
Batting: RHB Steve Belcher
|
0-0: Called Strike 0-1: Swinging Strike 0-2: Reached on error, E5 (Groundball, 56, EV 91.9 MPH) Joe Mills to second
|
Batting: LHB Sean Morehouse
|
0-0: Swinging Strike 0-1: Ball Wild Pitch! Joe Mills to third Steve Belcher to second 1-1: Foul Ball, location: 2F 1-2: Ball 2-2: Ball 3-2: Foul Ball, location: 2F 3-2: Base on Balls
|
Batting: RHB Juan Casco
|
0-0: Ball 1-0: Ball 2-0: Foul Ball, location: 2F 2-1: Ball Wild Pitch! Joe Mills scores Steve Belcher to third Sean Morehouse to second 3-1: SINGLE (Groundball, 34D, EV 100.0 MPH) Steve Belcher scores Sean Morehouse to third Runner from 3rd tries for Home, SAFE, throw by RF to home
|
Batting: RHB Dave Manns
|
0-0: Ball Juan Casco steals 2nd, throwing error, E2 Juan Casco to third 1-0: Foul Ball, location: 2F 1-1: Ball 2-1: Ball 3-1: Base on Balls
|
Batting: RHB Jim Schultz
|
0-0: Swinging Strike 0-1: Ball 1-1: Called Strike 1-2: Strikes out swinging
|
Top of the 1st over - 4 runs, 3 hits, 2 errors, 2 left on base; Arkansas 4 - Cincinnati 0 |
BOTTOM OF THE 1ST |
Cincinnati Bearcats batting - Pitching for Arkansas Razorbacks : RHP Ted Dahman
|
Pitching: RHP Ted Dahman
|
|
Batting: RHB Gene Plath
|
0-0: Foul Ball, location: 2F 0-1: Foul Ball, location: 2F 0-2: Ball 1-2: Ball 2-2: Ball 3-2: Ground out 4-3 (Groundball, 4, EV 81.2 MPH)
|
Batting: RHB Jared Sheff
|
0-0: Called Strike 0-1: Swinging Strike 0-2: Strikes out swinging
|
Batting: LHB C.J. Brown
|
0-0: Ball 1-0: Called Strike 1-1: Ball 2-1: Foul Ball, location: 2F 2-2: Foul Ball, location: 2F 2-2: Fly out, F7 (Flyball, 7LD, EV 91.2 MPH)
|
Bottom of the 1st over - 0 runs, 0 hits, 0 errors, 0 left on base; Arkansas 4 - Cincinnati 0 |
TOP OF THE 2ND |
Arkansas Razorbacks batting - Pitching for Cincinnati Bearcats : RHP Chris Tash
|
Batting: LHB Josh Bowes
|
0-0: Called Strike 0-1: Swinging Strike 0-2: Ground out 6-3 (Groundball, 6, EV 93.1 MPH)
|
Batting: LHB Danny bin Basil
|
0-0: Fly out, F5 (Popup, 5F, EV 54.4 MPH)
|
Batting: LHB Chris Ofori
|
0-0: Ball 1-0: Ball 2-0: Foul Ball, location: 2F 2-1: Foul Ball, location: 2F 2-2: Fly out, F8 (Flyball, 8RS, EV 81.2 MPH)
|
Top of the 2nd over - 0 runs, 0 hits, 0 errors, 0 left on base; Arkansas 4 - Cincinnati 0 |
BOTTOM OF THE 2ND |
Cincinnati Bearcats batting - Pitching for Arkansas Razorbacks : RHP Ted Dahman
|
Batting: LHB Jon Fickett
|
0-0: Swinging Strike 0-1: Called Strike 0-2: Fly out, F8 (Flyball, 8RS, EV 81.9 MPH)
|
Batting: SHB Mike Salgado
|
0-0: Foul Ball, location: 2F 0-1: Ball 1-1: SINGLE (Groundball, 6MD, EV 106.9 MPH)
|
Batting: RHB Mike Clor
|
0-0: Fly out, F9 (Flyball, 9D, EV 98.1 MPH)
|
Batting: SHB Mike Glenn
|
0-0: Swinging Strike 0-1: Ball 1-1: Ball 2-1: Foul Ball, location: 2F 2-2: Fly out, F4 (Flyball, 34D, EV 91.2 MPH)
|
Bottom of the 2nd over - 0 runs, 1 hit, 0 errors, 1 left on base; Arkansas 4 - Cincinnati 0 |
TOP OF THE 3RD |
Arkansas Razorbacks batting - Pitching for Cincinnati Bearcats : RHP Chris Tash
|
Batting: LHB Joe Mills
|
0-0: Ground out 4-3 (Groundball, 4, EV 84.4 MPH)
|
Batting: RHB Steve Belcher
|
0-0: Called Strike 0-1: Ball 1-1: Ball 2-1: Ground out 1-3 (Groundball, 13S, EV 71.9 MPH)
|
Batting: LHB Sean Morehouse
|
0-0: Fly out, F8 (Flyball, 8RM, EV 93.8 MPH)
|
Top of the 3rd over - 0 runs, 0 hits, 0 errors, 0 left on base; Arkansas 4 - Cincinnati 0 |
BOTTOM OF THE 3RD |
Cincinnati Bearcats batting - Pitching for Arkansas Razorbacks : RHP Ted Dahman
|
Batting: RHB Ben Cisneros
|
0-0: Foul Ball, location: 2F 0-1: Called Strike 0-2: Strikes out looking
|
Batting: RHB Eric Lyons
|
0-0: Ball 1-0: Ball 2-0: Foul Ball, location: 2F 2-1: Ball 3-1: Base on Balls
|
Batting: RHB Gene Plath
|
0-0: Ball 1-0: Swinging Strike 1-1: Ball 2-1: SINGLE (Line Drive, 8LS, EV 99.4 MPH) Eric Lyons to second
|
Batting: RHB Jared Sheff
|
0-0: Called Strike 0-1: Ball 1-1: Ball 2-1: SINGLE (Groundball, 56D, EV 98.8 MPH) Eric Lyons to third Gene Plath to second Runner from 3rd tries for Home, SAFE, throw by LF to home
|
Batting: LHB C.J. Brown
|
0-0: Swinging Strike 0-1: Foul Ball, location: 2F 0-2: SINGLE (Flyball, 8LS, EV 98.1 MPH) Gene Plath to third Jared Sheff to second Runner from 3rd tries for Home, SAFE, throw by CF to home
|
Batting: LHB Jon Fickett
|
0-0: Swinging Strike 0-1: Foul Ball, location: 2F 0-2: Ball 1-2: Foul Ball, location: 2F 1-2: Strikes out swinging
|
Batting: SHB Mike Salgado
|
0-0: Foul Ball, location: 2F 0-1: Swinging Strike 0-2: Ball 1-2: Strikes out swinging
|
Bottom of the 3rd over - 2 runs, 3 hits, 0 errors, 2 left on base; Arkansas 4 - Cincinnati 2 |
TOP OF THE 4TH |
Arkansas Razorbacks batting - Pitching for Cincinnati Bearcats : RHP Chris Tash
|
Batting: RHB Juan Casco
|
0-0: Called Strike 0-1: Called Strike 0-2: Ball 1-2: Fly out, F7 (Line Drive, 7, EV 98.1 MPH)
|
Batting: RHB Dave Manns
|
0-0: Ball 1-0: Called Strike 1-1: SINGLE (Line Drive, 6MD, EV 101.9 MPH)
|
Batting: RHB Jim Schultz
|
0-0: Ball 1-0: Reached on error, E6 (Groundball, 6M, EV 108.8 MPH) Dave Manns to second
|
Batting: LHB Josh Bowes
|
0-0: Swinging Strike 0-1: Swinging Strike 0-2: Strikes out swinging
|
Batting: LHB Danny bin Basil
|
0-0: Ball 1-0: Foul Ball, location: 2F 1-1: Fielders Choice at 2nd, 6-4 (Groundball, 6, EV 81.2 MPH)
|
Top of the 4th over - 0 runs, 1 hit, 1 error, 2 left on base; Arkansas 4 - Cincinnati 2 |
BOTTOM OF THE 4TH |
Cincinnati Bearcats batting - Pitching for Arkansas Razorbacks : RHP Ted Dahman
|
Batting: RHB Mike Clor
|
0-0: Ball 1-0: Ball 2-0: Ball 3-0: Base on Balls
|
Batting: SHB Mike Glenn
|
0-0: Called Strike 0-1: Ball 1-1: Ball 2-1: Called Strike 2-2: Strikes out looking
|
Batting: RHB Ben Cisneros
|
0-0: Ball 1-0: Foul Ball, location: 2F 1-1: Called Strike 1-2: SINGLE (Groundball, 6S, EV 61.9 MPH) (infield hit) Mike Clor to second
|
Batting: RHB Eric Lyons
|
0-0: Fly out, F2 (Popup, 23F, EV 87.5 MPH)
|
Batting: RHB Gene Plath
|
0-0: Ball 1-0: Called Strike 1-1: Called Strike 1-2: Strikes out swinging
|
Bottom of the 4th over - 0 runs, 1 hit, 0 errors, 2 left on base; Arkansas 4 - Cincinnati 2 |
TOP OF THE 5TH |
Arkansas Razorbacks batting - Pitching for Cincinnati Bearcats : RHP Chris Tash
|
Batting: LHB Chris Ofori
|
0-0: Ball 1-0: Ball 2-0: Foul Ball, location: 2F 2-1: Ball 3-1: Fly out, F4 (Line Drive, 4, EV 73.8 MPH)
|
Batting: LHB Joe Mills
|
0-0: Ball 1-0: Ball 2-0: SINGLE (Groundball, 3D, EV 95.6 MPH)
|
Batting: RHB Steve Belcher
|
0-0: Ball 1-0: Called Strike 1-1: Foul Ball, location: 2F 1-2: Fly out, F9 (Flyball, 9D, EV 85.6 MPH)
|
Batting: LHB Sean Morehouse
|
0-0: Ball 1-0: Ball 2-0: Swinging Strike 2-1: Foul Ball, location: 2F 2-2: Ball 3-2: SINGLE (Groundball, 3D, EV 105.6 MPH) Joe Mills to second Joe Mills to third
|
Batting: RHB Juan Casco
|
0-0: Ball 1-0: Reached on error, E4 (Groundball, 34, EV 93.1 MPH) Joe Mills scores Sean Morehouse to second
|
Batting: RHB Dave Manns
|
0-0: Ball 1-0: Swinging Strike 1-1: Swinging Strike 1-2: Strikes out looking
|
Top of the 5th over - 1 run, 2 hits, 1 error, 2 left on base; Arkansas 5 - Cincinnati 2 |
BOTTOM OF THE 5TH |
Cincinnati Bearcats batting - Pitching for Arkansas Razorbacks : RHP Ted Dahman
|
Batting: RHB Jared Sheff
|
0-0: Called Strike 0-1: Ball 1-1: Swinging Strike 1-2: SINGLE (Line Drive, 7LS, EV 98.8 MPH)
|
Batting: LHB C.J. Brown
|
0-0: Called Strike 0-1: Called Strike 0-2: Strikes out swinging
|
Batting: LHB Jon Fickett
|
0-0: SINGLE (Groundball, 4MD, EV 95.6 MPH) Jared Sheff to second
|
Batting: SHB Mike Salgado
|
0-0: Called Strike 0-1: Ball 1-1: Foul Ball, location: 2F 1-2: Ball 2-2: Foul Ball, location: 2F 2-2: Foul Ball, location: 2F 2-2: Ball 3-2: Foul Ball, location: 2F 3-2: Base on Balls Jared Sheff to third Jon Fickett to second
|
Batting: RHB Mike Clor
|
0-0: Ball 1-0: Swinging Strike 1-1: Foul Ball, location: 2F 1-2: Fly out, F7 (Flyball, 78S, EV 93.8 MPH)
|
Batting: SHB Mike Glenn
|
0-0: Ball 1-0: Foul Ball, location: 2F 1-1: SINGLE (Line Drive, 4D, EV 98.8 MPH) Jared Sheff scores Jon Fickett to third Mike Salgado to second Runner from 3rd tries for Home, SAFE, throw by RF to home
|
Batting: RHB Ben Cisneros
|
0-0: Foul Ball, location: 2F 0-1: Ball Wild Pitch! Mike Salgado to third Mike Glenn to second 1-1: Foul Ball, location: 2F 1-2: Foul Ball, location: 2F 1-2: DOUBLE (Line Drive, 9LS, EV 90.0 MPH) Mike Salgado scores Mike Glenn scores
|
Batting: RHB Eric Lyons
|
0-0: Called Strike 0-1: Ground out 1-3 (Groundball, 13S, EV 67.5 MPH)
|
Bottom of the 5th over - 4 runs, 4 hits, 0 errors, 1 left on base; Arkansas 5 - Cincinnati 6 |
TOP OF THE 6TH |
Arkansas Razorbacks batting - Pitching for Cincinnati Bearcats : RHP Chris Tash
|
Pitching: RHP Rômulo Bustorff
|
|
Batting: RHB Jim Schultz
|
0-0: Ball 1-0: Called Strike 1-1: Ground out 5-3 (Groundball, 5S, EV 80.0 MPH)
|
Batting: LHB Josh Bowes
|
0-0: Foul Ball, location: 2F 0-1: Ball 1-1: Ball 2-1: Swinging Strike 2-2: Ground out 5-3 (Groundball, 56S, EV 69.4 MPH)
|
Batting: LHB Danny bin Basil
|
0-0: Ball 1-0: Ball 2-0: Swinging Strike 2-1: Foul Ball, location: 2F 2-2: Foul Ball, location: 2F 2-2: SOLO HOME RUN (Flyball, 8RXD, EV 111.9 MPH), Distance : 448 ft
|
Batting: LHB Chris Ofori
|
0-0: Called Strike 0-1: Swinging Strike 0-2: Fly out, F9 (Line Drive, 9, EV 98.1 MPH)
|
Top of the 6th over - 1 run, 1 hit, 0 errors, 0 left on base; Arkansas 6 - Cincinnati 6 |
BOTTOM OF THE 6TH |
Cincinnati Bearcats batting - Pitching for Arkansas Razorbacks : RHP Ted Dahman
|
Pitching: RHP Jim Unknown
|
|
Batting: RHB Gene Plath
|
0-0: Ball 1-0: Foul Ball, location: 2F 1-1: Foul Ball, location: 2F 1-2: SINGLE (Line Drive, 78S, EV 108.8 MPH)
|
Batting: RHB Jared Sheff
|
0-0: Ball 1-0: SINGLE (Groundball, 6MD, EV 95.0 MPH) Gene Plath to second Runner from 2nd tries for 3rd, SAFE, throw by CF made to third
|
Batting: LHB C.J. Brown
|
0-0: Ball 1-0: SINGLE (Line Drive, 8RS, EV 91.9 MPH) Gene Plath scores Jared Sheff to second
|
Batting: LHB Jon Fickett
|
0-0: Foul Ball, location: 2F 0-1: Ball 1-1: Ball 2-1: DOUBLE (Line Drive, 78M, EV 101.9 MPH) Jared Sheff scores C.J. Brown to third Runner from 3rd tries for Home, throw by LF and OUT! 7-6-2
|
Batting: SHB Mike Salgado
|
0-0: Ball 1-0: Called Strike 1-1: Ball 2-1: Ground out 4-3 (Groundball, 4, EV 85.6 MPH) Jon Fickett to third
|
Batting: RHB Mike Clor
|
0-0: Ball 1-0: Ball 2-0: Foul Ball, location: 2F 2-1: Ball 3-1: Base on Balls
|
Batting: SHB Mike Glenn
|
0-0: Ball 1-0: Foul Ball, location: 2F 1-1: Ball 2-1: Ball 3-1: Fly out, F9 (Flyball, 9D, EV 94.4 MPH)
|
Bottom of the 6th over - 2 runs, 4 hits, 0 errors, 2 left on base; Arkansas 6 - Cincinnati 8 |
TOP OF THE 7TH |
Arkansas Razorbacks batting - Pitching for Cincinnati Bearcats : RHP Rômulo Bustorff
|
Pitching: RHP Chris Dinsmore
|
|
Batting: LHB Joe Mills
|
0-0: Swinging Strike 0-1: Called Strike 0-2: Foul Ball, location: 2F 0-2: Ball 1-2: Ball 2-2: Strikes out swinging
|
Batting: RHB Steve Belcher
|
0-0: Ball 1-0: Foul Ball, location: 2F 1-1: Ball 2-1: Called Strike 2-2: Strikes out swinging
|
Batting: LHB Sean Morehouse
|
0-0: Fly out, F7 (Flyball, 78D, EV 86.9 MPH)
|
Top of the 7th over - 0 runs, 0 hits, 0 errors, 0 left on base; Arkansas 6 - Cincinnati 8 |
BOTTOM OF THE 7TH |
Cincinnati Bearcats batting - Pitching for Arkansas Razorbacks : RHP Jim Unknown
|
Batting: RHB Ben Cisneros
|
0-0: Ball 1-0: Ball 2-0: Foul Ball, location: 2F 2-1: Ball 3-1: Base on Balls
|
Batting: RHB Eric Lyons
|
0-0: Ball 1-0: Grounds into double play, 6-4-3 (Groundball, 6, EV 107.5 MPH)
|
Batting: RHB Gene Plath
|
0-0: Swinging Strike 0-1: Ball 1-1: Ball 2-1: Ground out 6-3 (Groundball, 56, EV 93.8 MPH)
|
Bottom of the 7th over - 0 runs, 0 hits, 0 errors, 0 left on base; Arkansas 6 - Cincinnati 8 |
TOP OF THE 8TH |
Arkansas Razorbacks batting - Pitching for Cincinnati Bearcats : RHP Chris Dinsmore
|
Batting: RHB Juan Casco
|
0-0: DOUBLE (Line Drive, 9LM, EV 106.2 MPH)
|
Batting: RHB Dave Manns
|
0-0: Swinging Strike 0-1: Ball 1-1: Ball 2-1: Ground out 6-3 (Groundball, 6, EV 90.6 MPH)
|
Batting: RHB Jim Schultz
|
0-0: Ground out 4-3 (Groundball, 4, EV 76.2 MPH) Juan Casco to third
|
Batting: LHB Josh Bowes
|
0-0: Ball 1-0: Swinging Strike 1-1: Fly out, F7 (Line Drive, 7, EV 105.0 MPH)
|
Top of the 8th over - 0 runs, 1 hit, 0 errors, 1 left on base; Arkansas 6 - Cincinnati 8 |
BOTTOM OF THE 8TH |
Cincinnati Bearcats batting - Pitching for Arkansas Razorbacks : RHP Jim Unknown
|
Batting: RHB Jared Sheff
|
0-0: Called Strike 0-1: Ball 1-1: Swinging Strike 1-2: Foul Ball, location: 2F 1-2: Fly out, F9 (Flyball, 9LD, EV 91.2 MPH)
|
Batting: LHB C.J. Brown
|
0-0: Ball 1-0: Ball 2-0: Ball 3-0: Base on Balls
|
Batting: LHB Jon Fickett
|
0-0: Called Strike 0-1: Ball 1-1: Foul Ball, location: 2F 1-2: Ball 2-2: Fly out, F3 (Line Drive, 3, EV 66.2 MPH)
|
Batting: SHB Mike Salgado
|
0-0: Called Strike C.J. Brown steals 2nd base 0-1: Swinging Strike 0-2: Ball 1-2: Ball 2-2: Ground out 2-3 (Groundball, 13S, EV 61.9 MPH)
|
Bottom of the 8th over - 0 runs, 0 hits, 0 errors, 1 left on base; Arkansas 6 - Cincinnati 8 |
TOP OF THE 9TH |
Arkansas Razorbacks batting - Pitching for Cincinnati Bearcats : RHP Chris Dinsmore
|
Pitching: RHP Joel Hughes
|
|
Batting: LHB Danny bin Basil
|
0-0: Called Strike 0-1: Called Strike 0-2: Strikes out swinging
|
Batting: LHB Chris Ofori
|
0-0: Ball 1-0: Called Strike 1-1: Fly out, F8 (Flyball, 8LD, EV 95.6 MPH)
|
Batting: LHB Joe Mills
|
0-0: Ball 1-0: Fly out, F9 (Flyball, 89M, EV 91.2 MPH)
|
Top of the 9th over - 0 runs, 0 hits, 0 errors, 0 left on base; Arkansas 6 - Cincinnati 8 |
|